 Dungeon Crawl Stone Soup version 0.28-b1-25-g9875b3fc8c (webtiles) character file.

Game seed: 16018611280244212283

3591 crazypyro the Basher (level 9, 0/112 HPs)
             Began as a Minotaur Fighter on Feb 2, 2022.
             Was an Initiate of Gozag.
             Slain by Erica (4 damage)
             ... on level 7 of the Dungeon.
             The game lasted 00:12:32 (8208 turns).

crazypyro the Basher (Minotaur Fighter)             Turns: 8208, Time: 00:12:33

Health: 0/112      AC: 24    Str: 29    XL:     9   Next: 85%
Magic:  8/8        EV:  2    Int:  5    God:    Gozag
Gold:   323        SH:  8    Dex: 10    Spells: 8/8 levels left

rFire   x . .      SeeInvis .   a - +1 flail
rCold   + . .      Faith    .   o - +3 buckler
rNeg    . . .      Spirit   .   (armour currently unavailable)
rPois   +          Reflect  .   (helmet currently unavailable)
rElec   .          Harm     .   (cloak currently unavailable)
rCorr   .          Rampage  .   (gloves currently unavailable)
Will    +....      NoTele   +   (boots currently unavailable)
Stlth   +.........              (no amulet)
HPRegen 0.28/turn               t - ring of poison resistance
MPRegen 0.11/turn               x - ring "Qiudymuf" {Ice rPois Will+ Str+4}

@: mighty, tree-form
A: stationary, stasis, torment immunity, boosted hp, (horns 2), (retaliatory
headbutt)
a: Renounce Religion, Potion Petition, Call Merchant, Bribe Branch


You were on level 7 of the Dungeon.
You worshipped Gozag.
Gozag was aware of your devotion.
You were a tree.
You visited 2 branches of the dungeon, and saw 9 of its levels.
You also visited: Sewer and Ossuary.

You collected 1333 gold pieces.
You spent 496 gold pieces at shops.
You paid 514 gold pieces to Gozag.

Inventory:

Hand Weapons
 a - a +1 flail (weapon)
Armour
 b - the +0 scale mail "Ikkafer" (melded) {Str+3}
   (You found it on level 3 of the Dungeon)

   Str:       It affects your strength (+3).
 f - a +0 cloak (melded)
 k - a +0 pair of boots (melded)
 o - a +3 buckler (worn)
 u - a +0 pair of gloves (melded)
 y - the +3 crown of Dyrovepreva (melded) {rElec Int+2 SInv}
   (You bought it in a shop on level 6 of the Dungeon)

   Int:       It affects your intelligence (+2).
   rElec:     It insulates you from electricity.
   SInv:      It lets you see invisible.
Jewellery
 t - a ring of poison resistance (left branch)
 x - the ring "Qiudymuf" (right branch) {Ice rPois Will+ Str+4}
   (You found it on level 5 of the Dungeon)

   [ring of ice]

   It enhances your ice magic.
   Str:       It affects your strength (+4).
   rF:        It makes you vulnerable to fire.
   rC:        It protects you from cold.
   rPois:     It protects you from poison.
   Will:      It increases your willpower.
Wands
 p - a wand of acid (8)
 v - a wand of flame (10)
 D - a wand of paralysis (6)
Scrolls
 c - 5 scrolls of teleportation
 g - 7 scrolls of identify
 j - a scroll of magic mapping
 q - 2 scrolls of blinking
 s - 2 scrolls of enchant armour
 w - 2 scrolls of enchant weapon
 A - a scroll of amnesia {unknown}
 B - a scroll of fog
 C - a scroll of noise {unknown}
Potions
 h - a potion of heal wounds {unknown}
 i - 3 potions of flight {unknown}
 l - 3 potions of attraction {unknown}
 m - 4 potions of invisibility {unknown}
 n - 2 potions of resistance {unknown}
 r - a potion of curing {unknown}
 z - a potion of magic {unknown}


   Skills:
 - Level 6.0 Fighting
 * Level 13.9 Maces & Flails
 - Level 6.0 Armour
 + Level 4.0 Dodging
 - Level 6.1 Shields


You had 8 spell levels left.
You didn't know any spells.
Your spell library contained the following spells:

 Spells                   Type           Power      Damage    Failure   Level
 Passwall                 Tmut/Erth      0%         N/A       71%         2
 Scorch                   Fire           0%         2d5       71%         2
 Static Discharge         Conj/Air       0%         N/A       71%         2
 Flame Wave               Conj/Fire      0%         2d4       100%        4
 Summon Cactus Giant      Summ           0%         N/A       100%        6
 Shatter                  Erth           0%         3d5*      100%        9


Dungeon Overview and Level Annotations

Branches:
Dungeon (8/15)             Temple (1/1) D:5           Sewer (visited)
Ossuary (visited)
   Lair: D:8-11

Altars:
Elyvilon
Gozag
Nemelex Xobeh
Qazlal
Ru
Uskayaw
Vehumet
Yredelemnul
The Shining One

Shops:
D:1 *   D:6 [

Annotations:
D:4 2 transporters, cayde69's ghost, amateur HOFi
D:7 exclusion: statue, Erica


Innate Abilities, Weirdness & Mutations

You are a tree.
Your roots penetrate the ground, keeping you stationary.
You cannot be teleported.
You are immune to unholy pain and torment.
Your maximum health is greatly increased.
Your equipment is partially melded.
((You have a pair of horns on your head.))
((You reflexively headbutt those who attack you in melee.))


Message History

You miss something. The killer bee stings you!
* * * LOW HITPOINT WARNING * * *
The howler monkey hits you but does no damage.
The steam dragon bites you.
* * * LOW HITPOINT WARNING * * *
The steam dragon claws you but does no damage.
The killer bee stings you.
* * * LOW HITPOINT WARNING * * *
The orc hits you but does no damage. The yak gores you but does no damage.
Something hits you.
* * * LOW HITPOINT WARNING * * *
Something burns you.
* * * LOW HITPOINT WARNING * * *
You closely miss something.
You feel less confused. The killer bee stings you.
* * * LOW HITPOINT WARNING * * *
The howler monkey hoots and howls with incredible vigour!
The steam dragon bites you but does no damage.
The steam dragon claws you but does no damage.
The orc completely misses you.
The killer bee stings you but does no damage.
You thump something!
The howler monkey hits you but does no damage.
Something hits you.
* * * LOW HITPOINT WARNING * * *
Something burns you.
* * * LOW HITPOINT WARNING * * *
You block the killer bee's attack. The yak gores you but does no damage.
You block the steam dragon's attack.
The steam dragon claws you but does no damage.
The orc hits you but does no damage.
You closely miss something.
The killer bee stings you but does no damage.
The howler monkey hoots and howls with incredible vigour!
Something hits you.
* * * LOW HITPOINT WARNING * * *
Something burns you.
You die...
Your body crumbles into a pile of gold.

#..## #..............## #....#.
##..####.............# ##....##
.##..###.............# #.....##
..##.................#####....###
...##........#................###
'.8.++.......###...............#.
...##.........###..........#.....
..##..#........#{Y.......)..#....
.##..###..<....o♣y...........##..
##..## ##......Dh.............#..
#..## ##....................#..
.### ##......#............... ##
#.....#####..######...# # ##...##
#...# ##...## ## #...#
##..###...## .## #..## #...#....#
..## #..# ##......##


You could see a yak, a steam dragon, a howler monkey, a killer bee and an orc.

Vanquished Creatures
  An ugly thing (D:7)
  Grinder (D:5)
  A wyvern (D:5)
  A sky beast (D:6)
  2 necrophages (D:6)
  A black bear (D:6)
  3 ogres
  A kobold brigand (D:4)
  2 phantoms
  2 elf zombies (Ossuary)
  2 bullfrogs (Sewer)
  A wyvern zombie (D:5)
  A gnoll sergeant (D:5)
  5 scorpions
  A water moccasin zombie (D:4)
  A wyvern skeleton (D:6)
  4 killer bees (D:7)
  A howler monkey (D:7)
  2 jellies (D:5)
  A hound (D:4)
  3 centaur zombies
  8 human zombies (Ossuary)
  2 orc priests
  A bullfrog skeleton (D:5)
  An iguana (D:6)
  4 orc wizards
  A hound skeleton (D:4)
  3 mummies (Ossuary)
  A howler monkey skeleton (D:6)
  8 gnolls
  6 adders
  A shadow imp (D:6)
  A white imp (D:6)
  An ufetubus (D:4)
  An adder skeleton (D:4)
  An adder zombie (D:5)
  4 worms (D:2)
  A dart slug (D:2)
  15 orcs
  16 ball pythons
  11 endoplasms
  13 giant cockroaches
  13 goblins
  11 hobgoblins
  4 jackals
  8 quokkas
  6 bats
  20 frilled lizards
  6 kobolds
  8 rats
  A spectral hobgoblin (D:1)
214 creatures vanquished.

Vanquished Creatures (others)
  A butterfly (D:5)
  6 plants (D:4)
7 creatures vanquished.

Grand Total: 221 creatures vanquished

Notes
Turn   | Place    | Note
-------+----------+-------------------------------------------
     0 | D:1      | crazypyro the Minotaur Fighter began the quest for the Orb.
     0 | D:1      | Reached XP level 1. HP: 19/19 MP: 0/0
   217 | D:1      | Reached XP level 2. HP: 17/27 MP: 1/1
   673 | D:1      | Found a faded altar of an unknown god.
  1000 | D:1      | Found Daufrac's Assorted Antiques.
  1066 | D:2      | Reached skill level 3 in Maces & Flails
  1066 | D:2      | Reached XP level 3. HP: 33/33 MP: 2/2
  1423 | D:2      | Found a basalt altar of Yredelemnul.
  1907 | D:2      | Reached XP level 4. HP: 40/40 MP: 3/3
  2075 | D:3      | You fall into a shaft and drop 2 floors!
  2075 | D:5      | Entered Level 5 of the Dungeon
  2075 | D:5      | Found a staircase to the Ecumenical Temple.
  2079 | D:5      | Noticed a phantom
  2082 | Temple   | Entered the Ecumenical Temple
  2170 | Temple   | Became a worshipper of Gozag Ym Sagoz the Greedy
  2191 | D:5      | Noticed a gnoll sergeant
  2210 | D:6      | Noticed a sky beast
  2226 | D:6      | Killed a sky beast
  2227 | D:6      | Reached XP level 5. HP: 30/47 MP: 4/4
  2354 | D:5      | Noticed an ogre
  2394 | D:5      | Killed an ogre
  2395 | D:5      | Reached skill level 5 in Fighting
  2395 | D:5      | Reached skill level 4 in Maces & Flails
  2395 | D:5      | Reached skill level 5 in Armour
  2395 | D:5      | Reached skill level 5 in Shields
  2502 | D:5      | Noticed a wyvern
  2555 | D:4      | Reached XP level 6. HP: 56/56 MP: 5/5
  2661 | D:3      | Identified the +0 scale mail "Ikkafer" {Str+3}
  2715 | D:3      | Found a glowing drain.
  2727 | Sewer    | Entered a sewer
  3121 | Sewer    | Reached skill level 5 in Maces & Flails
  3121 | Sewer    | Reached XP level 7. HP: 59/61 MP: 6/6
  3949 | D:4      | Reached skill level 6 in Maces & Flails
  3962 | D:4      | Got the Papyrus of Gliding Earth
  4244 | D:4      | Found a transporter.
  4249 | D:4      | Identified the +6 halberd of Trauma {pain, rPois rN+ Str+3}
  4251 | D:4      | Found a transporter.
  4267 | D:4      | Reached skill level 7 in Maces & Flails
  4430 | D:4      | Noticed cayde69's ghost (amateur HOFi)
  4521 | D:5      | Killed a wyvern
  4522 | D:5      | Reached skill level 8 in Maces & Flails
  4522 | D:5      | Reached XP level 8. HP: 33/70 MP: 7/7
  5077 | D:5      | Noticed Grinder
  5092 | D:5      | Paralysed by Grinder for 5 turns
  5098 | D:5      | Killed Grinder
  5099 | D:5      | Reached skill level 9 in Maces & Flails
  5121 | D:5      | Reached skill level 10 in Maces & Flails
  5394 | D:5      | Identified the ring "Qiudymuf" {Ice rPois Will+ Str+4}
  5532 | D:5      | Found a glowing golden altar of the Shining One.
  5642 | D:5      | Found a white marble altar of Elyvilon.
  5797 | D:6      | Reached skill level 11 in Maces & Flails
  5872 | D:6      | Bought the +3 crown of Dyrovepreva {rElec Int+2 SInv} for
                  | 496 gold pieces
  5872 | D:6      | Found the +3 crown of Dyrovepreva {rElec Int+2 SInv}
  5906 | D:6      | Found a sacrificial altar of Ru.
  5967 | D:6      | Reached XP level 9. HP: 75/75 MP: 8/8
  6274 | D:6      | Reached skill level 12 in Maces & Flails
  6836 | D:7      | Reached skill level 1 in Dodging
  7148 | D:7      | Found a sand-covered staircase.
  7158 | Ossuary  | Entered an ossuary
  7271 | Ossuary  | Reached skill level 13 in Maces & Flails
  7517 | D:7      | Found a radiant altar of Vehumet.
  7905 | D:7      | Noticed a green ugly thing
  7915 | D:7      | Killed a green ugly thing
  8190 | D:8      | Noticed Erica
  8208 | D:7      | HP: 4/112 [something (6)]
  8208 | D:7      | Slain by Erica

Illustrated notes

Levels and vault maps discovered:
D:1:      dpeg_arrival_concentric_ovals, layout_basic, serial_shops,
          nicolae_shop_overgrown_old_shop,
          dreamdust_ecumenical_altar_drowned_temple
D:2:      minmay_razor_zed, layout_basic, basic_altar, minmay_hexomino_c4
D:3:      layout_loops_cross, portal_sewer_entry_b
D:4:      layout_basic, gammafunk_ghost_gnarly_gnolls, lemuel_old_faithful
D:5:      layout_gridville, kennysheep_little_box,
          nicolae_elyvilon_peaceful_grove, minmay_temple_entry_crystal_x,
          minivault_11, ebering_dispersal_statue_hall, minmay_misc_feat_hallway,
          uniq_grinder
D:6:      layout_loops_cross, nicolae_ru_great_annihilating_truth
D:7:      layout_layer_cave, vehumet_statue, enter_ossuary_1,
          grunt_decor_arrowhead
D:8:      layout_rooms, uniq_erica
Temple:   nicolae_temple_figure_eight

Skill      XL: |  1  2  3  4  5  6  7  8  9 |
---------------+----------------------------+-----
Shields        | 4 5 6 |  6.1
Fighting       | 4 5 6 |  6.0
Armour         | 4 5 6 |  6.0
Maces & Flails | 3 4 5 8 11 13 | 13.9
Dodging        | 4 |  4.0

Action                   |  1- 3 |  4- 6 |  7- 9 || total
-------------------------+-------+-------+-------++-------
Melee: Flail             |    98 |   165 |   348 ||   611
       Headbutt          |     7 |    21 |    54 ||    82
Invok: Call Merchant     |       |       |     1 ||     1
  Use: Scroll            |     8 |     1 |     1 ||    10
       Potion            |       |     1 |     2 ||     3
 Stab: Distracted        |       |     1 |     1 ||     2
       Paralysed         |       |       |     1 ||     1
Armor: Scale mail        |    20 |    42 |   143 ||   205
       Chain mail        |    30 |    39 |       ||    69
       Skin              |       |       |    19 ||    19
Dodge: Dodged            |    29 |    80 |   119 ||   228
Block: Buckler           |    21 |    82 |   112 ||   215
